 Dungeon Crawl Stone Soup version 0.25-a0-378-gd2ca0b7745 (webtiles) character file.

Game seed: 13253868452799592068, levelgen mode: deterministic

112 PentaManta the Ducker (level 5, -3/36 HPs)
             Began as a Halfling Monk on Jan 7, 2020.
             Slain by Edmund
             ... wielding a +0 flail of holy wrath
              (11 damage)
             ... on level 3 of the Dungeon.
             The game lasted 00:05:12 (3151 turns).

PentaManta the Ducker (Halfling Monk)               Turns: 3151, Time: 00:05:13

Health: -3/36      AC:  2    Str: 13    XL:     5   Next: 16%
Magic:  5/5        EV: 17    Int:  8    God:
Gold:   141        SH:  0    Dex: 17    Spells: 4/4 levels left

rFire    . . .     SeeInvis .   f - +1 falchion (holy)
rCold    . . .     Gourm    .   (shield restricted)
rNeg     . . .     Faith    .   b - +0 robe
rPois    .         Spirit   .   (no helmet)
rElec    .         Reflect  .   (no cloak)
rCorr    .         Harm     .   (no gloves)
MR       .....                  (no boots)
Stlth    ++........             (no amulet)
HPRegen  0.12/turn              (no ring)
MPRegen  0.09/turn              (no ring)

@: no status effects
A: small, mutation resistance 1
a: no special abilities


You were on level 3 of the Dungeon.
You were very hungry.

You visited 1 branch of the dungeon, and saw 4 of its levels.

You collected 141 gold pieces.

Inventory:

Hand Weapons
 a - a +0 short sword
 f - a +1 falchion of holy wrath (weapon)
Missiles
 l - 18 poisoned darts (quivered)
Armour
 b - a +0 robe (worn)
 k - a +0 scale mail
Wands
 p - a wand of scattershot (6)
Scrolls
 j - 2 scrolls of magic mapping
 m - a scroll of identify
 o - a scroll of remove curse
Potions
 d - 2 potions of brilliance
Comestibles
 c - 8 rations


   Skills:
 - Level 3.0 Fighting
 - Level 4.0(4.3) Short Blades
 + Level 1.7(2.8) Long Blades
 + Level 1.8 Armour
 + Level 4.5 Dodging
 - Level 2.3 Stealth


You had 4 spell levels left.
You didn't know any spells.
Your spell library was empty.

Dungeon Overview and Level Annotations

Branches:
Dungeon (4/15)
 Temple: D:4-7

Altars:
Fedhas
Okawaru

Annotations:
D:3 exclusion: oklob plant, Edmund
D:4 Grinder


Innate Abilities, Weirdness & Mutations

You are small and have problems with some larger weapons.
You are somewhat resistant to further mutation.


Message History

Aim: Edmund, wielding a +0 flail of holy wrath and wearing a +0 scale mail (heavily wounded)
You throw a poisoned dart.
The poisoned dart closely misses Edmund.
Edmund asks, "Have you met my wondrous brother?"
Edmund completely misses you.
You riposte.
You hit Edmund.
Edmund is severely wounded.
Throwing (i - inventory)
l - 20 poisoned darts (quivered)
Press: ? - help, Shift-Dir - straight line, f/p - Edmund
Aim: Edmund, wielding a +0 flail of holy wrath and wearing a +0 scale mail (severely wounded)
You throw a poisoned dart. The poisoned dart hits Edmund.
Edmund is severely wounded.
Edmund completely misses you.
You see here 24 arrows.
Throwing (i - inventory)
l - 19 poisoned darts (quivered)
Press: ? - help, Shift-Dir - straight line, f/p - Edmund
Aim: Edmund, wielding a +0 flail of holy wrath and wearing a +0 scale mail (severely wounded)
You throw a poisoned dart. The poisoned dart hits Edmund.
Edmund is poisoned.
Edmund is severely wounded.
Edmund hits you with a +0 flail of holy wrath!
You die...

## #....# ############
.#######..######......>...##
..>..###..÷..##............##
####<.##.###.#....(.........#
#####.....##.#.<............#
............................#
#######.##......(...........#
#.###.#............<..#
#.....###.@..........## ####
#####...#.@.....)...## ...#
#####.#..##########
...######...#....#####
...#...##..≈#........###
...#.###^..#####..##...#
.....#.'...#.####(####.#
....##.#####....#..# #.#
.......# ####....###.#


You could see Edmund.

Vanquished Creatures
  3 adders (D:3)
  4 oozes
  3 worms (D:2)
  A dart slug (D:3)
  An orc (D:3)
  3 ball pythons
  3 bats
  5 giant cockroaches
  6 goblins
  4 hobgoblins
  3 jackals (D:3)
  4 quokkas
  4 frilled lizards
  5 kobolds
  6 rats
55 creatures vanquished.

Notes
Turn   | Place    | Note
-------+----------+-------------------------------------------
     0 | D:1      | PentaManta the Halfling Monk began the quest for the Orb.
     0 | D:1      | Reached XP level 1. HP: 15/15 MP: 1/1
   157 | D:1      | Reached XP level 2. HP: 15/20 MP: 2/2
   759 | D:2      | Reached XP level 3. HP: 22/26 MP: 3/3
   845 | D:2      | Found an iron altar of Okawaru.
  1845 | D:2      | Reached XP level 4. HP: 26/31 MP: 4/4
  1923 | D:2      | Reached skill level 1 in Armour
  2003 | D:3      | Reached skill level 1 in Long Blades
  2605 | D:3      | Reached XP level 5. HP: 36/36 MP: 5/5
  2625 | D:3      | Found a blossoming altar of Fedhas.
  2644 | D:3      | Noticed an oklob plant
  2830 | D:4      | Noticed Edmund
  2858 | D:4      | Noticed Grinder
  2872 | D:4      | Paralysed by something for 7 turns
  3151 | D:3      | Slain by Edmund

Levels and vault maps discovered:
D:1:      dpeg_arrival_connections, layout_loops_cross
D:2:      minmay_evil_eye, layout_basic, okawaru_ov_weapons_minmay
D:3:      layout_rooms, kennysheep_nondescript, tgw_fedhas
D:4:      layout_cave_pools, serial_bayou_pond_d, minmay_statues_item,
          uniq_edmund, uniq_grinder

Skill      XL: |  1  2  3  4 |
---------------+-------------+-----
Short Blades   | 4 |  4.0
Fighting       | 3 |  3.0
Dodging        | 4 |  4.5
Armour         | 1 |  1.8
Long Blades    | 1 |  1.7
Stealth        | |  2.3

Action                   |  1- 3 |  4- 6 || total
-------------------------+-------+-------++-------
Melee: Short sword       |    58 |     2 ||    60
       Falchion          |    40 |    76 ||   116
Throw: Dart              |       |     3 ||     3
  Use: Scroll            |     4 |     2 ||     6
       Potion            |       |     4 ||     4
 Stab: Sleeping          |     2 |     5 ||     7
  Eat: Chunk             |     2 |     4 ||     6
Armor: Robe              |     7 |    12 ||    19
Dodge: Dodged            |    72 |    67 ||   139
       Rpst.: Falchion   |    13 |    33 ||    46

Table legend:
 A = Non-vault XP
 B = Vault XP
 C = Vault XP percentage of total XP
 D = Non-vault monster count
 E = Vault monster count
 F = Vault count percentage of total count
                 A         B        C        D         E       F
            +---------+---------+-------+---------+---------+-------
      Total |     152 |       9 |   5.6 |      52 |       3 |   5.5
            +---------+---------+-------+---------+---------+-------
        D:1 |      27 |       0 |   0.0 |      13 |       0 |   0.0
        D:2 |      38 |       9 |  19.1 |      16 |       3 |  15.8
        D:3 |      87 |       0 |   0.0 |      23 |       0 |   0.0
            +---------+---------+-------+---------+---------+-------
